 Dungeon Crawl Stone Soup version 0.29.1-15-g9cfb28693d (webtiles) character file.

Game seed: 5641932770923726525

44 Tirrikindir the Ducker (level 3, 0/26 HPs)
             Began as an Octopode Fighter on Apr 15, 2023.
             Slain by a kobold
             ... wielding a +0 club
              (3 damage)
             ... on level 2 of the Dungeon.
             The game lasted 00:02:15 (1115 turns).

Tirrikindir the Ducker (Octopode Fighter)           Turns: 1115, Time: 00:02:16

Health: 0/26       AC:  1    Str: 15    XL:     3   Next: 62%
Magic:  3/3        EV: 13    Int: 10    God:
Gold:   31         SH:  5    Dex: 13    Spells: 2/2 levels left

rFire   . . .      SeeInvis .   a - +0 long sword
rCold   . . .      Faith    .   b - +0 buckler
rNeg    . . .      Spirit   .   (helmet restricted)
rPois   .          Reflect  .   d - amulet of the acrobat
rElec   .          Harm     .   (no ring)
rCorr   .          Rampage  .   (no ring)
Will    .....                   (no ring)
Stlth   +++.......              (no ring)
HPRegen 0.08/turn               (no ring)
MPRegen 0.08/turn               (no ring)
                                (no ring)
                                (no ring)

@: no status effects
A: almost no armour, amphibious, 8 rings, camouflage 1, gelatinous body 1,
(nimble swimmer 1), tentacles
a: no special abilities


You were on level 2 of the Dungeon.
You visited 1 branch of the dungeon, and saw 2 of its levels.

You collected 31 gold pieces.

Inventory:

Hand Weapons
 a - a +0 long sword (weapon)
Armour
 b - a +0 buckler (worn)
Jewellery
 d - an amulet of the acrobat (around mantle)
Scrolls
 e - a scroll of torment {unknown}
 g - a scroll of fear {unknown}
Potions
 h - a potion of brilliance {unknown}


   Skills:
 + Level 3.1 Fighting
 * Level 2.5 Long Blades
 * Level 3.4 Dodging
 + Level 1.3 Stealth
 * Level 3.3 Shields


You had 2 spell levels left.
You didn't know any spells.
Your spell library contained the following spells:

 Spells                   Type           Power      Damage    Failure   Level
 Tukima's Dance           Hex            0%         N/A       83%         3
 Passage of Golubria      Tloc           0%         N/A       99%         4
 Yara's Violent Unravell  Hex/Tmut       0%         3d3       100%        5


Dungeon Overview and Level Annotations

Branches:
Dungeon (2/15)

Altars:


Innate Abilities, Weirdness & Mutations

You cannot wear most types of armour.
You are amphibious.
You can wear up to eight rings at the same time.
Your skin changes colour to match your surroundings (Stealth+).
Your rubbery body absorbs attacks. (AC +1, EV +1)
((You are camouflaged when in or above water. (Stealth+)))
You have tentacles for arms and can constrict up to eight enemies at once.


Message History

It was a potion of curing.
You feel better. The goblin hits you with a +0 club.
You barely miss the goblin. You grab the goblin. You constrict the goblin.
The goblin barely misses you. The goblin hits you with a +0 club.
* * * LOW HITPOINT WARNING * * *
You hit the goblin.
You kill the goblin!
You slash the kobold!
You kill the kobold!
Items here: )) ††††.
Okay, then.
Things that are here:
a hobgoblin corpse; a jackal corpse You start resting.
You feel a little less mighty now.
You start resting.
A kobold comes into view. It is wielding a +0 club.
Items here: )) ††††.
What are your orders? t - Shout!
Orders for allies: a - Attack new target. r - Retreat! s - Stop attacking. g - Guard the area. f - Follow me.
Anything else - Cancel.
You shout for attention!
The kobold throws a stone.
You block the stone.
The kobold drinks a potion.
The kobold seems to speed up.
You see here a +0 mace.
The kobold hits you with a +0 club. x2
* * * LOW HITPOINT WARNING * * *
You closely miss the kobold. Your grab misses the kobold.
A bat comes into view.
The kobold hits you with a +0 club.
* * * LOW HITPOINT WARNING * * *
You block the kobold's attack.
You hit the kobold. Your grab misses the kobold.
The kobold is severely wounded.
The kobold hits you with a +0 club.
* * * LOW HITPOINT WARNING * * *
The kobold hits you with a +0 club.
You die...

#.# #.#....# ...#... #.#
.K.....##..!.. ###.##
#....#†.g# .....#
#....#.# .....# # #...#.#
.....# #.#####.....#
<....### #.>..##.#####
.......#######......###.
............†).)@K......
.......##########.####...
.......# #.# .. .......#
#b# .......# ... .......#
... .......# ... ########
...


You could see a bat and a kobold (fast).

Vanquished Creatures
  An adder (D:2)
  A dart slug (D:1)
  2 ball pythons
  5 bats
  5 endoplasms
  2 giant cockroaches (D:1)
  3 goblins
  A hobgoblin (D:2)
  3 jackals (D:2)
  A quokka (D:1)
  A frilled lizard (D:1)
  3 kobolds
  2 rats (D:1)
30 creatures vanquished.

Notes
Turn   | Place    | Note
-------+----------+-------------------------------------------
     0 | D:1      | Tirrikindir the Octopode Fighter began the quest for the
                  | Orb.
     0 | D:1      | Reached XP level 1. HP: 16/16 MP: 1/1
   207 | D:1      | Reached XP level 2. HP: 19/21 MP: 2/2
   614 | D:1      | Reached skill level 1 in Stealth
   614 | D:1      | Reached XP level 3. HP: 26/26 MP: 3/3
  1115 | D:2      | Slain by a kobold

Illustrated notes

Levels and vault maps discovered:
D:1:      minmay_arrival_diagonal_passages, layout_basic
D:2:      layout_rooms

Skill      XL: |  1  2 |
---------------+-------+-----
Stealth        | 1 |  1.3
Fighting       | |  3.1
Long Blades    | |  2.5
Dodging        | |  3.4
Shields        | |  3.3

Action                   || total
-------------------------++-------
Melee: Long sword        ||    62
       Constrict         ||    13
       Tentacles         ||     4
       Punch             ||     1
  Use: Potion            ||     2
 Stab: Sleeping          ||     4
Armor: Skin              ||     3
Dodge: Dodged            ||    41
Block: Buckler           ||    12
